 Dungeon Crawl Stone Soup version 0.19-a0-892-g8a19e52 (webtiles) character file.

347 4thArraOfDagon the Chopper (level 6, 0/56 HPs)
             Began as a Minotaur Chaos Knight on July 4, 2016.
             Slain by Menkaure (17 damage)
             ... on level 5 of the Dungeon.
             The game lasted 00:05:08 (1089 turns).

4thArraOfDagon the Chopper (Minotaur Chaos Knight)  Turns: 1089, Time: 00:05:09

Health: 0/56       AC:  8    Str: 22    XL:     6   Next: 33%
Magic:  5/5        EV: 10    Int: 16    God:    Xom [.*....]
Gold:   155        SH:  0    Dex:  9    Spells: 0 memorised, 5 levels left

rFire  . . .     SeeInvis .     a - +0 hand axe (chaos)
rCold  . . .     Gourm    .     e - +0 scale mail
rNeg   . . .     Faith    .     (no shield)
rPois  .         Spirit   .     (helmet restricted)
rElec  .         Dismiss  .     (no cloak)
rCorr  .         Reflect  .     (no gloves)
SustAt .         Harm     .     m - +0 pair of boots
MR     .....                    (no amulet)
Stlth  ..........               (no ring)
                                (no ring)

@: mighty, brilliant, not resistant to hostile enchantments, extremely
unstealthy
A: retaliatory headbutt, horns 2
a: Renounce Religion


You were on level 5 of the Dungeon.
You worshipped Xom.
You were a plaything of Xom.
You were not hungry.

You visited 1 branch of the dungeon, and saw 5 of its levels.

You collected 155 gold pieces.

Inventory:

Hand Weapons
 a - a +0 hand axe of chaos (weapon)
Armour
 e - a +0 scale mail (worn)
 i - a +1 animal skin
 m - a +0 pair of boots (worn)
Wands
 r - a wand of enslavement (13/24)
Scrolls
 d - 2 scrolls of recharging {unknown}
 f - 2 scrolls of random uselessness {unknown}
 g - 2 scrolls of identify {unknown}
 h - a scroll of amnesia {unknown}
 o - a scroll of enchant weapon {unknown}
 q - a scroll of enchant armour {unknown}
Potions
 k - a potion of brilliance
 n - a potion of heal wounds {unknown}
Comestibles
 b - a beef jerky
 c - 3 bread rations
 j - 3 fruits
 p - 2 chunks of flesh


   Skills:
 + Level 5.3 Fighting
 * Level 7.0 Axes
 + Level 3.9 Armour
 - Level 1.1 Dodging


You had 5 spell levels left.
You didn't know any spells.

Dungeon Overview and Level Annotations

Branches:
Dungeon (5/15)
 Temple: D:4-7

Altars:
Dithmenos
Nemelex Xobeh
Okawaru
Pakellas
Ru
Vehumet
Xom
Yredelemnul

Annotations:
D:5 Menkaure


Innate Abilities, Weirdness & Mutations

You reflexively headbutt those who attack you in melee.
You have a pair of horns on your head.


Message History

Menkaure calls on the powers of darkness!
Your body is wracked with pain!
* * * LOW HITPOINT WARNING * * *
The orc convulses!
Unknown command.
Unknown command.
Unknown command.
You miss the crimson imp. You headbutt the crimson imp.
You kill the crimson imp!
Your Axes skill increases to level 7!
You slash the orc!
You feel better.
You kill the orc!
Menkaure grins.
Unknown command.
Unknown command.
You slash Menkaure!
Menkaure is severely damaged.
Menkaure hits you!
You die...
Xom roars with laughter! ......## ##.o#...# ###..##...# #.........#### #............#### ..........#.....## P .PP

#..........#.##..####..PPP
.........#.#.....)....P. P
.........#.#....@M....PP
PP
...(...................PPP
...##5..##.............P P
... #...####...........#
...##...# ##...........
........# #..........#
###.....#######.##.#####
##.....>....#.# .#
#...###.##...##.#


You could see Menkaure.

Vanquished Creatures
  A crimson imp (D:5)
  A hound (D:4)
  An orc priest (D:5)
  Natasha (twice) (D:2)
  Robin (D:3)
  2 gnolls (D:5)
  11 adders
  5 oozes
  An adder zombie (D:5)
  2 dart slugs
  A giant gecko (D:1)
  3 orcs (D:5)
  3 bats
  3 giant cockroaches
  12 goblins
  7 hobgoblins
  2 quokkas
  3 giant newts
  5 kobolds
  4 rats
70 creatures vanquished.

Notes
Turn   | Place    | Note
-------+----------+-------------------------------------------
     0 | D:1      | 4thArraOfDagon the Minotaur Chaos Knight began the quest for the Orb.
     0 | D:1      | Reached XP level 1. HP: 19/19 MP: 0/0
    82 | D:2      | Reached skill level 4 in Axes
    82 | D:2      | Reached XP level 2. HP: 18/27 MP: 1/1
   154 | D:2      | Reached XP level 3. HP: 26/33 MP: 2/2
   226 | D:3      | XOM: divination: detect creatures
   252 | D:3      | Reached skill level 5 in Axes
   261 | D:3      | Found a basalt altar of Yredelemnul.
   334 | D:2      | XOM: potion effect (invisibility)
   335 | D:2      | Reached XP level 4. HP: 28/40 MP: 3/3
   350 | D:3      | Found a shadowy altar of Dithmenos.
   350 | D:3      | Found a radiant altar of Vehumet.
   351 | D:3      | Found a shimmering altar of Xom.
   368 | D:3      | XOM: silly message
   397 | D:3      | Noticed Robin
   400 | D:2      | Noticed Natasha
   410 | D:2      | Reached XP level 5. HP: 21/47 MP: 4/4
   413 | D:2      | Killed Natasha
   414 | D:2      | Found a faded altar of an unknown god.
   457 | D:2      | Noticed Natasha
   484 | D:1      | XOM: harmless Erth miscast
   487 | D:1      | Reached skill level 6 in Axes
   569 | D:2      | XOM: potion effect (might)
   569 | D:2      | Killed Natasha
   569 | D:2      | Reached skill level 5 in Fighting
   590 | D:3      | Killed Robin
   629 | D:4      | Found an oddly glowing altar of Pakellas.
   688 | D:3      | Found a sacrificial altar of Ru.
   716 | D:4      | Found a sparkling altar of Nemelex Xobeh.
   891 | D:4      | XOM: harmless Tloc miscast
   976 | D:5      | Entered Level 5 of the Dungeon
   976 | D:5      | Noticed a phantom
   990 | D:5      | Reached XP level 6. HP: 56/56 MP: 5/5
   990 | D:5      | XOM: enchant monster (good)
   993 | D:5      | XOM: divination: detect creatures
  1020 | D:5      | Found an iron altar of Okawaru.
  1023 | D:5      | XOM: confusion (+ monsters)
  1082 | D:5      | Noticed Menkaure
  1088 | D:5      | Reached skill level 7 in Axes
  1089 | D:5      | Slain by Menkaure

Vault maps used:
D:1:      dpeg_arrival_tiny_a, serial_bayou, serial_bayou_lagoon_b,
          serial_bayou_pond_e, serial_bayou_shore_b, serial_bayou_shore_a
D:2:      ecumenical_altar_1, first_bread, uniq_natasha
D:3:      nicolae_overflow_hidden_temple, lemuel_doored_altar,
          grunt_temple_overflow_open, uniq_robin
D:4:      kennysheep_little_box, grunt_pakellas_basics, minmay_vboxes
D:5:      minmay_shoptagon, okawaru_altar_gauntlet_db, fedhas_altar_3,
          basic_altar, uniq_crazy_yiuf_cottage, uniq_duvessa,
          uniq_blork_the_orc, uniq_menkaure

Skill      XL: |  1  2  3  4  5  6 |
---------------+-------------------+-----
Axes           | 4 5 6 7 |  7.0
Fighting       | 4 5 |  5.3
Armour         | 3 |  3.9
Dodging        | |  1.1

Action                   |  1- 3 |  4- 6 || total
-------------------------+-------+-------++-------
Melee: Hand axe          |    42 |    84 ||   126
       Headbutt          |     3 |    10 ||    13
  Use: Potion            |       |     3 ||     3
 Stab: Invisible         |     1 |     3 ||     4
  Eat: Chunk             |       |     1 ||     1
Armor: Leather armour    |     3 |       ||     3
       Scale mail        |    14 |    37 ||    51
Dodge: Dodged            |    23 |    51 ||    74
